 Dungeon Crawl Stone Soup version 0.25.1-2-g60ff931df9 (webtiles) character file.

Game seed: 1265013909762937613

501094 lorenzova the Archmage (level 24, -10/141 HPs)
             Began as a Deep Elf Conjurer on Sept 17, 2020.
             Was the Champion of Vehumet.
             Shot with a bolt by a vault warden (30 damage)
             ... on level 5 of the Vaults on Sept 22, 2020.
             The game lasted 06:44:50 (83140 turns).

lorenzova the Archmage (Deep Elf Conjurer)         Turns: 83140, Time: 06:44:51

Health: -10/141    AC: 13    Str:  9    XL:     24   Next: 4%
Magic:  56/56      EV: 14    Int: 36    God:    Vehumet [******]
Gold:   6171       SH:  8    Dex: 17    Spells: 22/77 levels left

rFire    + + +     SeeInvis +   L - +3 short sword "Impslayer" {vorpal, rN+ SInv}
rCold    + + .     Gourm    .   M - +3 buckler
rNeg     + . .     Faith    .   o - +1 leather armour of the Evil One {MR+}
rPois    +         Spirit   .   X - +2 hat
rElec    +         Reflect  .   U - scarf {rC+ rF+}
rCorr    +         Harm     .   B - +2 pair of gloves
MR       +++..     Rnd*Tele +   Z - +2 pair of boots {run}
Stlth    ++........             W - amulet "Seuranai" {Acrobat rElec rF++ Str+4 Dex+2}
HPRegen  0.33/turn              q - ring of Rimume {rPois rC+ SInv}
MPRegen  0.35/turn              w - ring of the Ego {rCorr Int+3 SInv}

@: studying Shields, quick
A: blurry vision 1, teleportitis 1
}: 2/15 runes: decaying, serpentine
a: Renounce Religion


You were on level 5 of the Vaults.
You worshipped Vehumet.
Vehumet was exalted by your worship.
You were not hungry.

You visited 10 branches of the dungeon, and saw 47 of its levels.
You visited 1 bazaar.
You also visited: Trove, Ice Cave and Wizlab.

You collected 8327 gold pieces.
You spent 2156 gold pieces at shops.

Inventory:

Hand Weapons
 G - the +1 demon blade of the Firefly {drain, rF+ rC+ Int+2}
   (You took it off an orc warrior on level 3 of the Elven Halls)

   A truly terrible weapon, it drains the life of those it strikes.
   It affects your intelligence (+2).
   It protects you from fire.
   It protects you from cold.
 L - the +3 short sword "Impslayer" (weapon) {vorpal, rN+ SInv}
   (You took it off a deep elf death mage on level 3 of the Elven Halls)

   It inflicts extra damage upon your enemies.
   It protects you from negative energy.
   It lets you see invisible.
Armour
 l - a +1 cloak of preservation
 o - the +1 leather armour of the Evil One (worn) {MR+}
   (You found it on level 2 of the Lair of Beasts)

   It affects your resistance to hostile enchantments.
 v - a +0 helmet of see invisible
 y - the +3 leather armour of Sin {rCorr Stlth+}
   (You found it on level 5 of the Dungeon)

   It provides partial protection from all sources of acid and corrosion.
   It makes you more stealthy.
 B - a +2 pair of gloves (worn)
 D - the +1 cloak of Starlight {rElec rC+ EV+4 Stlth--}
   (You found it on level 2 of the Swamp)

   It affects your evasion (+4).
   It protects you from cold.
   It insulates you from electricity.
   It makes you much less stealthy.
 M - a +3 buckler (worn)
 U - a scarf of resistance (worn)
 X - a +2 hat (worn)
 Z - a +2 pair of boots of running (worn)
Magical Staves
 b - an uncursed staff of fire
 f - an uncursed staff of poison
 J - an uncursed staff of wizardry
 V - an uncursed staff of air
Jewellery
 q - the ring of Rimume (left hand) {rPois rC+ SInv}
   (You took it off a deep elf annihilator on level 3 of the Elven Halls)

   [ring of see invisible]

   It protects you from cold.
   It protects you from poison.
   It lets you see invisible.
 w - the ring of the Ego (right hand) {rCorr Int+3 SInv}
   (You found it in a treasure trove)

   [ring of resist corrosion]

   It affects your intelligence (+3).
   It lets you see invisible.
   It provides partial protection from all sources of acid and corrosion.
 x - the amulet of Qitosuh {Acrobat *Corrode MR+ Str+7 Dex+2}
   (You found it in a treasure trove)

   [amulet of the acrobat]

   It helps you evade while moving and waiting.
   It affects your strength (+7).
   It affects your dexterity (+2).
   It affects your resistance to hostile enchantments.
   It may corrode you when you take damage.
 z - a +6 ring of intelligence
 N - the ring of Yrouwef {MP+9 Dex-2 Slay+3 Stlth-}
   (You found it in a treasure trove)

   [ring of attention]

   It affects your dexterity (-2).
   It affects your accuracy and damage with ranged weapons and melee attacks
   (+3).
   It affects your magic capacity (+9).
   It makes you less stealthy.
 P - the ring of Moderation {Fire +Blink MR+}
   (You found it in a treasure trove)

   [ring of fire]

   It enhances your fire magic.
   It protects you from fire.
   It makes you vulnerable to cold.
   It affects your resistance to hostile enchantments.
   It lets you blink.
 Q - an uncursed ring of magical power
 S - the ring "Atontin" {+Fly rElec rN+ Str-4}
   (You found it in a treasure trove)

   [ring of flight]

   It affects your strength (-4).
   It insulates you from electricity.
   It protects you from negative energy.
   It lets you fly.
 W - the amulet "Seuranai" (around neck) {Acrobat rElec rF++ Str+4 Dex+2}
   (You found it in a treasure trove)

   [amulet of the acrobat]

   It helps you evade while moving and waiting.
   It affects your strength (+4).
   It affects your dexterity (+2).
   It greatly protects you from fire.
   It insulates you from electricity.
 Y - the amulet of Niplyhech {RegenMP Str+4}
   (You found it in a treasure trove)

   [amulet of magic regeneration]

   It increases your magic regeneration.
   It affects your strength (+4).
Wands
 H - a wand of digging (21)
Scrolls
 d - 11 scrolls of amnesia
 g - a scroll of blinking
 j - 4 scrolls of enchant armour
 k - 16 scrolls of teleportation
 n - a scroll of silence
 p - 5 scrolls of magic mapping
 r - 17 scrolls of remove curse
 u - 10 scrolls of fear
 A - 6 scrolls of fog
 F - a scroll of holy word
 R - 4 scrolls of identify
Potions
 a - 6 potions of haste
 e - 29 potions of curing
 h - 7 potions of brilliance
 m - 2 potions of heal wounds
 s - a potion of magic
 C - 13 potions of flight
 E - a potion of cancellation
 I - 7 potions of invisibility
 K - 5 potions of resistance
Books
 T - a manual of Shields
Comestibles
 c - 48 rations


   Skills:
 * Level 11.6 Fighting
 + Level 7.2 Armour
 + Level 4.7 Dodging
 - Level 2.4 Stealth
 - Level 4.0 Shields
 O Level 27 Spellcasting
 + Level 23.6 Conjurations
 - Level 10.9 Hexes
 - Level 9.0 Charms
 - Level 6.0 Translocations
 + Level 17.4 Fire Magic
 + Level 15.2 Air Magic


You had 22 spell levels left.
You knew the following spells:

 Your Spells              Type           Power        Failure   Level  Hunger
a - Magic Dart            Conj           ####         0%          1    None
b - Searing Ray           Conj           ######       0%          2    None
c - Iskenderun's Mystic   Conj/Tloc      ########     0%          4    None
d - Fulminant Prism       Conj/Hex       ########..   0%          4    None
e - Chain Lightning       Conj/Air       ########..   1%          8    None
f - Fireball              Conj/Fire      ########..   0%          5    None
g - Ignition              Fire           ########..   1%          8    None
j - Swiftness             Chrm/Air       #######.     0%          2    None
l - Lightning Bolt        Conj/Air       ########..   0%          5    None
o - Orb of Destruction    Conj           ########..   1%          7    None
p - Blink                 Tloc           N/A          1%          2    None
s - Sticky Flame          Conj/Fire      ########     0%          4    None
x - Conjure Flame         Conj/Fire      ########     0%          3    None

Your spell library contained the following spells:

 Spells                   Type           Power        Failure   Level  Hunger
 Tornado                  Air            ########..   26%         9    ##.....
 Corona                   Hex            #######      0%          1    None
 Foxfire                  Conj/Fire      ####         0%          1    None
 Shock                    Conj/Air       ####         0%          1    None
 Slow                     Hex            #######.     0%          2    None
 Dazzling Flash           Conj/Hex       ######       0%          3    None
 Inner Flame              Hex/Fire       ########     0%          3    None
 Mephitic Cloud           Conj/Pois/Air  #######.     0%          3    None
 Static Discharge         Conj/Air       ########     0%          3    None
 Stone Arrow              Conj/Erth      ######       0%          3    None
 Airstrike                Air            ########..   0%          4    None
 Iskenderun's Battlesphe  Conj/Chrm      ########     0%          5    None
 Beastly Appendage        Tmut           #####.       1%          1    None
 Sandblast                Erth           #####.       1%          1    None
 Sting                    Tmut/Pois      ####         1%          1    None
 Summon Butterflies       Summ           #####...     1%          1    None
 Summon Small Mammal      Summ           ####         1%          1    None
 Call Imp                 Summ           #####...     1%          2    None
 Ensorcelled Hibernation  Hex/Ice        ######       1%          2    None
 Passwall                 Tmut/Erth      #####...     1%          2    None
 Poisonous Vapours        Pois/Air       ######       1%          2    None
 Shroud of Golubria       Chrm/Tloc      ######       1%          2    None
 Sticks to Snakes         Tmut           #####...     1%          2    None
 Call Canine Familiar     Summ           #####...     1%          3    None
 Gell's Gravitas          Tloc           #######...   1%          3    None
 Ignite Poison            Fire/Tmut/Pois ######..     1%          3    None
 Lesser Beckoning         Tloc           #######...   1%          3    None
 Ozocubu's Armour         Chrm/Ice       ######..     1%          3    None
 Portal Projectile        Hex/Tloc       ######       1%          3    None
 Spider Form              Tmut/Pois      #####.....   1%          3    None
 Summon Guardian Golem    Hex/Summ       ######..     1%          3    None
 Teleport Other           Tloc           #######.     1%          3    None
 Vampiric Draining        Necr           #####.....   1%          3    None
 Cause Fear               Hex            #######...   1%          4    None
 Hailstorm                Conj/Ice       #######.     1%          4    None
 Leda's Liquefaction      Hex/Erth       ######....   1%          4    None
 Olgreb's Toxic Radiance  Pois           #####...     1%          4    None
 Passage of Golubria      Tloc           N/A          1%          4    None
 Summon Lightning Spire   Summ/Air       #######.     1%          4    None
 Silence                  Hex/Air        #######...   1%          5    None
 Summon Mana Viper        Hex/Summ       ######..     1%          5    None
 Darkness                 Hex            #######...   1%          6    None
 Invisibility             Hex            #######.     1%          6    None
 Spellforged Servitor     Conj/Summ      #######...   1%          7    None
 Lee's Rapid Deconstruct  Erth           #####.....   4%          5    None
 Dispel Undead            Necr           #####...     5%          4    None
 Ice Form                 Ice/Tmut       #####...     5%          4    None
 Petrify                  Tmut/Erth      #####...     5%          4    None
 Summon Ice Beast         Ice/Summ       #####...     5%          4    None
 Agony                    Necr           #####...     14%         5    None
 Blade Hands              Tmut           #####.....   14%         5    None
 Borgnjor's Vile Clutch   Necr/Erth      #####.....   14%         5    None
 Death Channel            Necr           #####.....   63%         6    None
 Shadow Creatures         Summ           N/A          63%         6    None
 Statue Form              Tmut/Erth      #####....    63%         6    None
 Dragon Form              Tmut           #####.....   99%         7    None
 Summon Hydra             Summ           #####.....   99%         7    None
 Dragon's Call            Summ           #####.....   100%        9    ##.....
 Shatter                  Erth           #####.....   100%        9    ##.....


Dungeon Overview and Level Annotations

Branches:
Dungeon (15/15)            Temple (1/1) D:4            Lair (6/6) D:9
  Swamp (4/4) Lair:3        Snake (4/4) Lair:4        Slime (4/5) Lair:5
    Orc (2/2) D:11            Elf (3/3) Orc:2        Vaults (5/5) D:14
  Crypt (0/3) Vaults:2     Depths (3/5) D:15          IceCv (visited)
 WizLab (visited)

Altars:
Ashenzari
Cheibriados
Dithmenos
Elyvilon
Fedhas
Gozag
Hepliaklqana
Kikubaaqudgha
Makhleb
Nemelex Xobeh
Okawaru
Qazlal
Ru
Sif Muna
Trog
Uskayaw
Vehumet
Wu Jian
Xom
Yredelemnul
Zin
The Shining One
Beogh
Jiyva

Shops:
D:10 !*   Orc:2 [(=   Elf:1 =   Elf:2 [   Snake:3 }   Vaults:1 =}(
Vaults:3 [%   Depths:1 }[==!

Portals:
Hell: Depths:1 Depths:2

Annotations:
D:5 exclusion: 2 downstairs
Snake:3 exclusion: 2 downstairs
Elf:1 6 runed translucent doors
Depths:1 3 runed translucent doors, exclusion: downstairs, Kusodu's ghost, adept GrGl
Depths:3 1 runed translucent door


Innate Abilities, Weirdness & Mutations

Scrolls take you a little longer to read.
You are occasionally teleported next to monsters.


Message History

You feel your power returning.
The lightning arc hits the ettin!!
The ettin is almost dead.
The lightning arc hits you. You resist.
* * * LOW HITPOINT WARNING * * *
The lightning arc hits the ettin!!
You kill the ettin!
Vehumet accepts your kill.
You feel your power returning.
The lightning arc hits you but does no damage.
You resist.
The lightning arc hits the ettin!
The ettin is severely wounded.
You hear a deafening roar!
You hear a shout!
You hear a deafening roar!
You hear a shout!
You hear two shouts!
You hear an angry buzzing noise.
You hear a shout!
You hear a horrible gurgling sound! x4; You hear a shout!
You hear a horrible gurgling sound!
A golden dragon comes into view.
The vault warden unwields a +4 war axe of flaming.
It stops flaming.
The vault warden wields a +0 arbalest.
The vault warden shoots a bolt.
The bolt hits you!!
You die...

D#((.#!...# #.
.))(#....#...
))p#.$..#.#.
[.[.[[...e.
#####D.[[[)..##
......)).H[....
.....[[(<<..[..
....[[[@C.<.[..
......)(<<..[..
#####.)....C.##
#[†)[[[$D.p.
#.#.#.[[.#.))
#.#.##....# ).
##.# #[...# [
## #).[.#


You could see a shadow dragon, a golden dragon, a storm dragon (catching
breath), a frost giant, a sphinx (empowered), 2 vault wardens, an ettin and a
deep elf mage.

Vanquished Creatures
  Mara (Swamp:4)
  Saint Roka (Depths:1)
  A golden dragon (Vaults:4)
  Jory (Vaults:4)
  Nikola (Swamp:1)
  A tentacled monstrosity (Vaults:4)
  Jorgrun (Snake:3)
  Asterion (Vaults:1)
  An Ice Fiend (IceCv)
  11 acid blobs
  4 deep elf blademasters
  A titan (Vaults:5)
  An ancient champion (Vaults:2)
  A deep elf master archer (Elf:3)
  4 sphinxes
  A thorn hunter (Swamp:2)
  A storm dragon (Vaults:4)
  2 tengu reavers
  A shadow dragon (Depths:3)
  Donald (Elf:2)
  12 nagarajas
  5 azure jellies
  5 fire giants
  2 orc warlords
  8 deep elf sorcerers
  A ghost moth (shapeshifter) (Vaults:1)
  4 frost giants
  11 vault wardens
  8 deep elf elementalists
  11 very ugly things
  Louise (Elf:2)
  12 ironheart preservers
  A curse skull (Vaults:2)
  A juggernaut skeleton (Depths:3)
  15 stone giants
  3 entropy weavers
  A war gargoyle (Vaults:5)
  5 deep elf annihilators (Elf:3)
  6 deep elf demonologists
  Nessos (D:13)
  A dire elephant (Lair:3)
  11 purple draconians (WizLab)
  8 spark wasps
  A merfolk javelineer (Depths:1)
  6 deep elf death magi
  9 statues (WizLab)
  9 ettins
  2 green deaths (Swamp:4)
  A death ooze (Swamp:4)
  A crystal guardian (Vaults:3)
  12 yaktaur captains
  6 fire dragons
  5 deep elf high priests
  2 rakshasas
  7 great orbs of eyes
  7 ogre magi
  14 naga warriors
  4 ice dragons
  Harold (D:8)
  29 vault guards
  14 hydras
  2 hell beasts (Swamp:4)
  3 shambling mangroves
  8 centaur warriors
  2 spriggan air magi (Depths:3)
  Erica (D:8)
  17 anacondas
  4 catoblepae
  26 two-headed ogres
  13 alligators
  24 dancing weapons
  6 death yaks
  6 deep troll shamans
  5 deep troll earth magi
  2 vampire magi
  A spriggan berserker (Depths:3)
  3 tengu warriors
  10 shock serpents
  A soul eater (Depths:2)
  3 sun demons (Depths:2)
  4 orc high priests
  6 naga sharpshooters
  28 deep elf knights
  An iron troll (shapeshifter) (Elf:2)
  A hell knight (Vaults:4)
  6 salamander mystics (Snake:4)
  A glowing orange brain (Slime:4)
  A shadow demon (Depths:2)
  15 deep trolls
  A titan skeleton (Depths:3)
  2 iron trolls (Depths:1)
  A flayed ghost (Depths:3)
  2 sea snakes (Snake:2)
  5 unseen horrors
  8 ironbrand convokers
  A spriggan druid (Swamp:4)
  4 wizards
  14 naga ritualists
  2 obsidian statues
  9 swamp dragons
  19 deep elf archers
  19 orc knights
  3 phantasmal warriors
  A harpy (shapeshifter) (Depths:1)
  3 necromancers
  4 lindwurms (Snake:4)
  19 mana vipers
  A frost giant zombie (Vaults:4)
  2 oklob plants (Lair:2)
  4 harpies
  A faun (shapeshifter) (Vaults:3)
  36 ugly things
  2 orc sorcerers (Orc:2)
  7 wolf spiders
  76 deep elf magi
  4 manticores
  9 salamanders
  6 shining eyes
  2 human skeletons (Vaults:4)
  A centaur zombie (D:13)
  An ice statue (IceCv)
  3 cyclopes
  23 elephants
  A fire giant skeleton (Depths:3)
  40 black mambas
  6 guardian serpents (Snake:4)
  11 vault sentinels
  2 eyes of devastation
  3 orange demons
  19 naga magi
  A gargoyle (D:13)
  23 spiny frogs
  A komodo dragon (shapeshifter) (D:15)
  Maggie (D:7)
  A torpor snail (Lair:6)
  3 rime drakes (Lair:6)
  39 yaktaurs
  9 komodo dragons
  5 tengu conjurers
  8 freezing wraiths
  11 tyrant leeches
  6 ice devils
  2 anaconda simulacra (IceCv)
  11 trolls
  2 red devils (Depths:2)
  A golden dragon simulacrum (IceCv)
  A queen bee (Depths:3)
  2 polar bears
  A wolf spider simulacrum (IceCv)
  A wind drake (shapeshifter) (Vaults:1)
  14 hornets
  11 blink frogs
  2 meliai zombies (D:14)
  8 dream sheep
  120 slime creatures
  12 bog bodies
  12 hippogriffs
  An air elemental (Elf:1)
  3 centaur simulacra
  2 redbacks
  A spriggan (shapeshifter) (Elf:3)
  10 water elementals
  A wyvern (D:14)
  A shadow (Swamp:4)
  4 dire elephant simulacra (IceCv)
  3 steam dragons (Lair:6)
  A wraith (D:13)
  3 tarantellas (Vaults:4)
  3 basilisks
  3 spriggans
  A hungry ghost (D:15)
  9 vampire mosquitoes
  A fire bat (shapeshifter) (Vaults:1)
  38 yaks
  21 golden eyes
  22 humans (D:14)
  Menkaure (D:4)
  4 fire elementals
  16 swamp worms
  2 hydra simulacra (IceCv)
  3 insubstantial wisps (Swamp:3)
  3 harpy simulacra (IceCv)
  3 acid dragons
  42 nagas
  A soldier ant (D:11)
  4 wargs
  A naga (shapeshifter) (Vaults:1)
  An acid dragon (shapeshifter) (Vaults:1)
  An iron troll simulacrum (IceCv)
  A water moccasin (shapeshifter) (Depths:2)
  20 water moccasins
  A floating eye (Slime:2)
  4 porcupines
  Duvessa (D:6)
  3 sky beasts
  72 orc warriors
  6 swamp drakes
  4 ice beasts
  38 ogres
  A black bear (shapeshifter) (Vaults:1)
  2 ettin simulacra (IceCv)
  4 phantoms
  4 eyes of draining
  A hornet zombie (D:15)
  A boggart (Depths:3)
  A necrophage (D:11)
  17 wolves
  27 crocodiles
  12 centaurs
  17 bullfrogs
  3 small abominations
  A gnoll sergeant (D:7)
  A wyvern zombie (D:13)
  An earth elemental (Elf:3)
  Dowan (D:6)
  A wyvern skeleton (D:11)
  4 scorpions
  22 killer bees
  A howler monkey (D:11)
  10 wights
  10 jellies
  2 bullfrog zombies
  12 crimson imps
  Crazy Yiuf (D:7)
  3 draconian simulacra (IceCv)
  2 quasits
  24 orc priests
  12 hounds
  A gnoll shaman (D:4)
  3 bullfrog skeletons
  5 centaur skeletons
  2 iron imps
  33 orc wizards
  4 iguanas
  13 worker ants
  4 hell rats (Lair:4)
  A polar bear simulacrum (IceCv)
  3 spriggan simulacra (IceCv)
  6 troll simulacra (IceCv)
  4 wolf simulacra (IceCv)
  A hound zombie (D:6)
  A worker ant zombie (D:5)
  14 gnolls
  A howler monkey skeleton (D:10)
  4 naga simulacra (IceCv)
  16 adders
  3 ogre simulacra (IceCv)
  6 shadow imps
  5 white imps
  6 ufetubi (IceCv)
  13 oozes
  An adder skeleton (D:4)
  2 worms (D:2)
  2 dart slugs (D:1)
  4 leopard geckos
  162 orcs
  6 giant cockroaches
  4 goblins
  3 hobgoblins
  23 jackals
  6 quokkas
  5 ball pythons
  4 bats
  2 frilled lizards
  7 kobolds
  A quokka skeleton (D:5)
  2 quokka zombies
  2 rats (D:3)
  A crawling corpse (Elf:3)
  A fulminant prism (Swamp:4)
  5 fungi
  20 plants
2155 creatures vanquished.

Vanquished Creatures (others)
  335 fulminant prisms
  47 fungi
  36 plants
418 creatures vanquished.

Grand Total: 2573 creatures vanquished

Notes
Turn   | Place    | Note
-------+----------+-------------------------------------------
     0 | D:1      | lorenzova the Deep Elf Conjurer began the quest for the
                  | Orb.
     0 | D:1      | Reached XP level 1. HP: 10/10 MP: 6/6
   169 | D:1      | Reached XP level 2. HP: 13/15 MP: 2/8
   188 | D:1      | Learned a level 2 spell: Searing Ray
   637 | D:1      | Reached skill level 4 in Spellcasting
   799 | D:1      | Reached skill level 5 in Conjurations
   799 | D:1      | Reached XP level 3. HP: 19/19 MP: 7/10
  1148 | D:2      | Reached XP level 4. HP: 23/24 MP: 3/12
  1573 | D:2      | Found a snail-covered altar of Cheibriados.
  1580 | D:2      | Found a shimmering blue altar of Sif Muna.
  1654 | D:3      | Reached skill level 5 in Spellcasting
  1853 | D:3      | Found a shattered altar of Ashenzari.
  2238 | D:4      | Reached XP level 5. HP: 28/28 MP: 12/15
  2373 | D:4      | Noticed an ogre
  2382 | D:4      | Killed an ogre
  2382 | D:4      | Reached skill level 6 in Spellcasting
  2382 | D:4      | Reached XP level 6. HP: 13/32 MP: 12/17
  2570 | D:4      | Learned a level 4 spell: Iskenderun's Mystic Blast
  2575 | D:4      | Learned a level 4 spell: Fulminant Prism
  2599 | D:4      | Noticed Menkaure
  2608 | D:4      | Killed Menkaure
  2608 | D:4      | Reached skill level 1 in Hexes
  2608 | D:4      | Reached skill level 1 in Translocations
  2888 | D:4      | Reached skill level 7 in Spellcasting
  2892 | D:4      | Reached XP level 7. HP: 34/36 MP: 9/19
  3453 | D:4      | Found a staircase to the Ecumenical Temple.
  3663 | D:5      | Entered Level 5 of the Dungeon
  3836 | D:5      | Reached skill level 8 in Spellcasting
  4011 | D:5      | Reached XP level 8. HP: 36/41 MP: 19/22
  4327 | D:5      | Found a stormy altar of Qazlal.
  4380 | D:5      | Got a dazzling leather armour
  4391 | D:5      | Identified the +3 leather armour of Sin {rCorr Stlth+} (You
                  | found it on level 5 of the Dungeon)
  4652 | D:6      | Noticed Duvessa
  4657 | D:6      | Noticed Dowan
  4662 | D:6      | Killed Duvessa
  4734 | D:6      | Killed Dowan
  4734 | D:6      | Reached skill level 9 in Spellcasting
  4815 | D:6      | Found a white marble altar of Elyvilon.
  4914 | D:6      | Found a sparkling altar of Nemelex Xobeh.
  5321 | D:7      | Found a hide-covered altar of Uskayaw.
  5325 | D:7      | Noticed a hippogriff
  5346 | D:7      | Noticed a hippogriff
  5497 | D:7      | Reached skill level 5 in Hexes
  5513 | D:7      | Reached XP level 9. HP: 45/45 MP: 19/24
  5519 | D:7      | Noticed Maggie
  5525 | D:7      | Reached skill level 10 in Spellcasting
  5527 | D:7      | Killed Maggie
  5605 | D:7      | Reached skill level 5 in Translocations
  5831 | D:7      | Found a sacrificial altar of Ru.
  5884 | D:7      | Reached skill level 10 in Conjurations
  5913 | D:7      | Reached skill level 11 in Spellcasting
  5997 | D:7      | Found a runed translucent door.
  5998 | D:7      | Noticed Crazy Yiuf
  6281 | D:7      | Killed Crazy Yiuf
  6481 | D:8      | You fall into a shaft and drop 2 floors!
  6481 | D:10     | Entered Level 10 of the Dungeon
  6573 | D:10     | Found Horajeyl's Elemental Accessories.
  6619 | D:10     | Reached XP level 10. HP: 50/50 MP: 21/27
  7148 | D:9      | Reached skill level 12 in Spellcasting
  7488 | D:8      | Noticed Harold
  7496 | D:8      | Killed Harold
  7575 | D:8      | Noticed Erica
  7584 | D:8      | Killed Erica
  8055 | D:9      | Found a shimmering altar of Xom.
  8374 | D:9      | Found a staircase to the Lair.
  8612 | D:9      | Reached skill level 13 in Spellcasting
  9101 | Temple   | Entered the Ecumenical Temple
  9196 | Temple   | Became a worshipper of Vehumet
  9689 | D:10     | Found Optofar's Distillery.
  9692 | D:10     | Bought a potion of heal wounds for 60 gold pieces
  9713 | D:10     | Reached XP level 11. HP: 54/54 MP: 23/30
  9904 | Lair:1   | Entered Level 1 of the Lair of Beasts
 10280 | Lair:1   | Found a burning altar of Makhleb.
 10954 | Lair:2   | Reached * piety under Vehumet
 10954 | Lair:2   | Offered knowledge of Freeze by Vehumet.
 11150 | Lair:2   | Reached skill level 14 in Spellcasting
 11395 | Lair:2   | Noticed a five-headed hydra
 11407 | Lair:2   | Killed a five-headed hydra
 11500 | Lair:2   | Noticed an oklob plant
 11510 | Lair:2   | Killed an oklob plant
 11556 | Lair:2   | Got a transparent leather armour
 11567 | Lair:2   | Identified the cursed +1 leather armour of the Evil One
                  | {MR+} (You found it on level 2 of the Lair of Beasts)
 11611 | Lair:2   | Found a shimmering blue altar of Sif Muna.
 11769 | Lair:2   | Noticed an oklob plant
 11799 | Lair:2   | Killed an oklob plant
 12131 | Lair:3   | Reached skill level 15 in Spellcasting
 12383 | Lair:3   | Learned a level 3 spell: Conjure Flame
 12407 | Lair:3   | Noticed a catoblepas
 12412 | Lair:3   | Reached skill level 1 in Fire Magic
 12412 | Lair:3   | Reached XP level 12. HP: 48/59 MP: 9/33
 12486 | Lair:3   | Offered knowledge of Shock by Vehumet.
 12492 | Lair:3   | Reached ** piety under Vehumet
 12682 | Lair:3   | Noticed a six-headed hydra
 12688 | Lair:3   | Killed a six-headed hydra
 12781 | Lair:3   | Killed a catoblepas
 12781 | Lair:3   | Reached skill level 16 in Spellcasting
 12991 | Lair:3   | Noticed a dire elephant
 13002 | Lair:3   | Killed a dire elephant
 13320 | Lair:3   | Noticed a seven-headed hydra
 13329 | Lair:3   | Killed a seven-headed hydra
 13407 | Lair:3   | Reached skill level 15 in Conjurations
 13634 | Lair:3   | Found a staircase to the Swamp.
 13705 | Lair:3   | Reached skill level 17 in Spellcasting
 13778 | Lair:3   | Reached skill level 5 in Fire Magic
 14185 | Lair:4   | Noticed an eight-headed hydra
 14191 | Lair:4   | Offered knowledge of Ignite Poison by Vehumet.
 14192 | Lair:4   | Killed an eight-headed hydra
 14192 | Lair:4   | Reached XP level 13. HP: 63/63 MP: 36/36
 14310 | Lair:4   | Reached *** piety under Vehumet
 14862 | Lair:4   | Found a staircase to the Snake Pit.
 15188 | Lair:4   | Offered knowledge of Sticky Flame by Vehumet.
 15194 | Lair:4   | Learned a level 4 spell: Sticky Flame
 15362 | Lair:4   | Found a snail-covered altar of Cheibriados.
 16154 | Lair:5   | Reached **** piety under Vehumet
 16157 | Lair:5   | Reached skill level 18 in Spellcasting
 16313 | Lair:5   | Learned a level 2 spell: Blink
 16316 | Lair:5   | Learned a level 2 spell: Swiftness
 16322 | Lair:5   | Learned a level 5 spell: Lightning Bolt
 16517 | Lair:5   | Found a staircase to the Slime Pits.
 16518 | Lair:5   | Found a viscous altar of Jiyva.
 16546 | Lair:5   | Reached skill level 1 in Charms
 16615 | Lair:5   | Offered knowledge of Irradiate by Vehumet.
 16615 | Lair:5   | Reached skill level 1 in Air Magic
 17545 | Lair:6   | Entered Level 6 of the Lair of Beasts
 18356 | Lair:6   | Reached XP level 14. HP: 68/68 MP: 38/38
 19361 | Lair:6   | Reached ***** piety under Vehumet
 19390 | Lair:6   | Offered knowledge of Fireball by Vehumet.
 19401 | Lair:6   | Learned a level 5 spell: Fireball
 19665 | Lair:6   | Reached skill level 10 in Hexes
 19992 | Lair:6   | Reached skill level 5 in Charms
 20315 | D:11     | Found a staircase to the Orcish Mines.
 20325 | Orc:1    | Entered Level 1 of the Orcish Mines
 20333 | Orc:1    | Reached skill level 19 in Spellcasting
 20334 | Orc:1    | Noticed an orc warlord
 20612 | Orc:1    | Killed an orc warlord
 21043 | Orc:2    | Entered Level 2 of the Orcish Mines
 21308 | Orc:2    | Noticed an orc warlord
 21316 | Orc:1    | Offered knowledge of Freezing Cloud by Vehumet.
 21521 | Orc:2    | Found a staircase to the Elven Halls.
 21562 | Orc:2    | Found a roughly hewn altar of Beogh.
 21773 | Orc:2    | Found a roughly hewn altar of Beogh.
 21783 | Orc:2    | Found Raygecw's Distillery.
 22384 | Orc:2    | Offered knowledge of Conjure Ball Lightning by Vehumet.
 22426 | Orc:2    | Found a roughly hewn altar of Beogh.
 22494 | Orc:2    | Killed an orc warlord
 22729 | Orc:2    | Found a roughly hewn altar of Beogh.
 22734 | Orc:2    | Found Hoonykob's Jewellery Shop.
 22861 | Orc:2    | Found Niqu Lil's Antique Weapon Emporium.
 22862 | Orc:2    | Found a roughly hewn altar of Beogh.
 22863 | Orc:2    | Found Fuum's Antique Armour Shoppe.
 22970 | Orc:2    | Bought an uncursed ring of see invisible for 180 gold
                  | pieces
 24568 | D:12     | Reached XP level 15. HP: 72/72 MP: 34/40
 25705 | D:13     | Offered knowledge of Orb of Destruction by Vehumet.
 25716 | D:12     | Learned a level 7 spell: Orb of Destruction
 25729 | D:13     | Noticed Nessos
 25732 | D:13     | Killed Nessos
 26715 | D:14     | Reached skill level 5 in Air Magic
 27530 | D:14     | Offered knowledge of Bolt of Magma by Vehumet.
 27543 | D:14     | Reached skill level 20 in Spellcasting
 27811 | D:14     | Reached skill level 1 in Shields
 28249 | D:14     | Found a gate to the Vaults.
 28424 | D:14     | Found a shadowy altar of Dithmenos.
 28791 | Swamp:1  | Entered Level 1 of the Swamp
 28799 | Swamp:1  | Noticed Nikola
 28856 | Snake:1  | Entered Level 1 of the Snake Pit
 30499 | Snake:2  | Reached XP level 16. HP: 76/76 MP: 37/42
 30668 | Snake:2  | Reached ****** piety under Vehumet
 30956 | Snake:2  | Offered knowledge of Ozocubu's Refrigeration by Vehumet.
 31154 | Snake:2  | Reached skill level 10 in Fire Magic
 31418 | Snake:2  | Found a bloodstained altar of Trog.
 32716 | Orc:2    | Bought an uncursed ring of protection from magic for 300
                  | gold pieces
 32757 | Elf:1    | Entered Level 1 of the Elven Halls
 32968 | Elf:1    | Reached skill level 21 in Spellcasting
 34429 | Elf:1    | Found Dyibiawe's Jewellery Emporium.
 34499 | Elf:1    | Identified the +6 falchion of Raixat {freeze, Str+4 Stlth+}
 34501 | Elf:1    | Noticed an Executioner
 34612 | Elf:1    | Found a runed translucent gate.
 34612 | Elf:1    | Found a runed translucent gate.
 34612 | Elf:1    | Found a runed translucent gate.
 34612 | Elf:1    | Found a runed translucent gate.
 34612 | Elf:1    | Found a runed translucent gate.
 34613 | Elf:1    | Noticed a shadow dragon
 34615 | Elf:1    | Found a runed translucent gate.
 34615 | Elf:1    | Noticed a storm dragon
 35041 | Elf:2    | Found Gaiziw's Armour Boutique.
 35846 | Elf:2    | Found a shimmering blue altar of Sif Muna.
 36026 | Elf:2    | Offered knowledge of Iron Shot by Vehumet.
 36167 | Elf:2    | Reached XP level 17. HP: 80/80 MP: 30/44
 36382 | Elf:2    | Found a runed translucent gate.
 36382 | Elf:2    | Found a runed translucent gate.
 36387 | Elf:2    | Found a runed translucent gate.
 37104 | Elf:2    | Noticed Louise
 37161 | Elf:2    | Killed Louise
 37326 | Elf:2    | Noticed a deep elf blademaster
 37330 | Elf:2    | Killed a deep elf blademaster
 37346 | Elf:2    | Reached skill level 22 in Spellcasting
 38065 | Elf:2    | Noticed Donald
 38075 | Elf:2    | Killed Donald
 38683 | Elf:3    | Entered Level 3 of the Elven Halls
 38757 | Elf:3    | Found a frozen archway.
 38774 | IceCv    | Entered an ice cave
 39421 | IceCv    | Identified a +0 pair of boots of running (You found it in
                  | an ice cave)
 40353 | IceCv    | Noticed an Ice Fiend
 40372 | IceCv    | Killed an Ice Fiend
 40591 | IceCv    | Identified Lee's Handbook of Earth
 40594 | IceCv    | Identified Syaq's Incunabulum of Cold and Darkness
 41007 | D:15     | Entered Level 15 of the Dungeon
 42662 | D:15     | Found a staircase to the Depths.
 42794 | Depths:1 | Entered Level 1 of the Depths
 43142 | Swamp:1  | Killed Nikola
 43610 | Swamp:1  | Offered knowledge of Chain Lightning by Vehumet.
 43610 | Swamp:1  | Offered knowledge of Tornado by Vehumet.
 43610 | Swamp:1  | Offered knowledge of Ignition by Vehumet.
 44085 | Swamp:1  | Learned a level 8 spell: Chain Lightning
 44123 | Swamp:1  | Reached XP level 18. HP: 85/85 MP: 19/46
 44367 | Swamp:2  | Reached skill level 23 in Spellcasting
 44642 | Swamp:2  | Found the +1 cloak of Starlight {rElec rC+ EV+4 Stlth--}
 46225 | Swamp:4  | Entered Level 4 of the Swamp
 47622 | Swamp:4  | Reached skill level 10 in Air Magic
 47729 | Swamp:4  | Noticed Mara
 47740 | Swamp:4  | Killed Mara
 48806 | Swamp:4  | Got a decaying rune of Zot
 49690 | Snake:3  | Reached skill level 24 in Spellcasting
 49792 | Snake:3  | Found Dyujesm's Gadget Boutique.
 49934 | Snake:3  | Reached XP level 19. HP: 89/89 MP: 40/49
 49946 | Snake:3  | Noticed Jorgrun
 49950 | Snake:3  | Killed Jorgrun
 50374 | Snake:4  | Entered Level 4 of the Snake Pit
 53756 | Snake:4  | Got a serpentine rune of Zot
 54133 | Lair:1   | Learned a level 8 spell: Ignition
 55392 | Elf:3    | Reached skill level 25 in Spellcasting
 55473 | Elf:3    | Identified the amulet "Lejogh" {Spirit MP+9}
 55523 | Elf:3    | Identified the ring of Rimume {rPois rC+ SInv}
 55664 | Elf:3    | Reached XP level 20. HP: 94/94 MP: 48/51
 55719 | Elf:3    | Identified the cursed +0 chain mail "Zeddemn" {rC+ Dex+6
                  | SInv}
 55726 | Elf:3    | Identified the +1 demon blade of the Firefly {drain, rF+
                  | rC+ Int+2}
 56065 | Elf:3    | Identified the +3 short sword "Impslayer" {vorpal, rN+
                  | SInv}
 57277 | Elf:3    | Got a scintillating brass amulet
 57280 | Elf:3    | Identified the amulet "Loffag" {Inacc *Slow Str+6} (You
                  | found it on level 3 of the Elven Halls)
 58228 | Depths:1 | Found Noma Wiz's Jewellery Shop.
 58908 | Depths:1 | Found Noqarphuergh's Jewellery Emporium.
 59047 | Depths:1 | Found Waneuri's Gadget Boutique.
 59157 | Depths:1 | Found a runed translucent gate.
 59159 | Depths:1 | Noticed Kusodu's ghost (adept GrGl)
 59206 | Depths:1 | Found a runed translucent gate.
 59206 | Depths:1 | Found a runed translucent gate.
 59229 | Depths:1 | Noticed a golden dragon
 59324 | Depths:1 | Found Soutojul's Distillery.
 59494 | Depths:1 | Bought a potion of heal wounds for 60 gold pieces
 59609 | Depths:1 | Found Oretelof's Armour Shop.
 59828 | Depths:1 | Noticed Saint Roka
 59832 | Depths:1 | Killed Saint Roka
 60217 | Depths:1 | Found a gateway to Hell.
 61102 | Depths:2 | Identified the +9 falchion of Scorn {venom, *Contam MR+
                  | Dex+2}
 61116 | Depths:2 | Reached skill level 26 in Spellcasting
 61204 | Depths:2 | Found a portal to a secret trove of treasure.
 61217 | Depths:2 | Found a flickering gateway to a bazaar.
 61223 | Bazaar   | Entered a bazaar
 61223 | Bazaar   | Found Kaipteh's Gadget Boutique.
 61230 | Bazaar   | Found Idweocka's Antique Armour Emporium.
 61238 | Bazaar   | Found Xedwuago's General Store.
 61249 | Bazaar   | Found Gearem's Antique Weapon Boutique.
 61260 | Bazaar   | Found Wadekec's Distillery.
 61268 | Bazaar   | Bought a potion of heal wounds for 70 gold pieces
 61268 | Bazaar   | Bought a potion of heal wounds for 70 gold pieces
 61294 | Bazaar   | Bought a crude cloak for 266 gold pieces
 61305 | Bazaar   | Identified the +2 cloak of Lust {rC+} (You bought it in a
                  | shop in a bazaar)
 61344 | Bazaar   | Bought a potion of haste for 140 gold pieces
 61344 | Bazaar   | Bought a potion of haste for 140 gold pieces
 61398 | Depths:2 | You paid a toll of 6 potions of haste to enter a treasure
                  | trove
 61399 | Trove    | Entered a treasure trove
 61406 | Trove    | Got a transparent amber ring
 61408 | Trove    | Got a shimmering platinum amulet
 61414 | Trove    | Got a steaming steel ring
 61416 | Trove    | Got a scorched lapis lazuli ring
 61422 | Trove    | Got a vibrating steel amulet
 61433 | Trove    | Identified the amulet of Niplyhech {RegenMP Str+4} (You
                  | found it in a treasure trove)
 61435 | Trove    | Identified the ring "Atontin" {+Fly rElec rN+ Str-4} (You
                  | found it in a treasure trove)
 61438 | Trove    | Identified the amulet of Qitosuh {Acrobat *Corrode MR+
                  | Str+7 Dex+2} (You found it in a treasure trove)
 61442 | Trove    | Identified the ring of Moderation {Fire +Blink MR+} (You
                  | found it in a treasure trove)
 61444 | Trove    | Identified the ring of the Ego {rCorr Int+3 SInv} (You
                  | found it in a treasure trove)
 61450 | Trove    | Got a shimmering bone amulet
 61452 | Trove    | Identified the amulet "Seuranai" {Acrobat rElec rF++ Str+4
                  | Dex+2} (You found it in a treasure trove)
 61467 | Trove    | Got a steaming golden ring
 61473 | Trove    | Identified the ring of Yrouwef {MP+9 Dex-2 Slay+3 Stlth-}
                  | (You found it in a treasure trove)
 62078 | Depths:2 | Noticed a caustic shrike
 62087 | Depths:1 | Got a fading quarterstaff
 62088 | Depths:1 | Identified the +11 quarterstaff of the Mouth {elec, +Blink}
                  | (You found it on level 1 of the Depths)
 62105 | Depths:2 | Reached skill level 1 in Fighting
 62745 | Depths:3 | Reached XP level 21. HP: 70/103 MP: 26/53
 63599 | Depths:3 | Reached skill level 15 in Fire Magic
 63852 | Depths:3 | Found a runed translucent door.
 64978 | Depths:3 | Identified the cursed +1 halberd "Xuxkaum" {pain, rPois
                  | Dex+4}
 65409 | Depths:3 | Identified the +5 hand axe of Dissatisfaction {venom, rElec
                  | rPois Int+5}
 65648 | Vaults:1 | Entered Level 1 of the Vaults
 65789 | Vaults:1 | Got an amber-encrusted scale mail
 65821 | D:14     | Identified the +3 scale mail of the Sturgeon {rN+ Dex-2
                  | Stlth+} (You found it on level 1 of the Vaults)
 66478 | Vaults:1 | Reached skill level 5 in Fighting
 66699 | Vaults:1 | Found Fiqu's Antique Weapon Emporium.
 66699 | Vaults:1 | Found Meogrim's Jewellery Emporium.
 66711 | Vaults:1 | Found Yliruo's Gadget Emporium.
 66842 | Vaults:1 | Found Hiufec's Jewellery Emporium.
 67180 | Vaults:1 | Noticed Asterion
 67186 | Vaults:1 | Killed Asterion
 68147 | Vaults:2 | Reached skill level 1 in Armour
 68810 | Vaults:2 | Reached skill level 27 in Spellcasting
 70266 | Vaults:2 | Reached XP level 22. HP: 119/119 MP: 55/55
 71080 | Vaults:2 | Found a staircase to the Crypt.
 71773 | Vaults:3 | Found a magical portal.
 71779 | WizLab   | Entered Iskenderun's Mystic Tower
 74519 | WizLab   | Identified Iskenderun's Papyrus of Conjuration
 74519 | WizLab   | Identified Iskenderun's Volume of Arcane Weapons
 74519 | WizLab   | Identified the Incunabulum of Envenoming
 74834 | Vaults:3 | Found Gissothrusch's Antique Armour Boutique.
 74929 | Vaults:3 | Bought a glowing helmet for 270 gold pieces
 74983 | Vaults:3 | Found Lilaon's Food Shop.
 76469 | Vaults:4 | Reached skill level 5 in Armour
 77585 | Vaults:4 | Noticed a golden dragon
 77624 | Vaults:4 | Killed a golden dragon
 77624 | Vaults:4 | Reached XP level 23. HP: 131/131 MP: 43/56
 78016 | Vaults:4 | Noticed Jory
 78023 | Vaults:4 | Killed Jory
 78023 | Vaults:4 | Reached skill level 10 in Fighting
 78360 | Vaults:4 | Found the +8 glaive of the Guard {elec, +Rage AC+5 SInv}
 78859 | D:10     | Bought a potion of haste for 120 gold pieces
 78859 | D:10     | Bought a potion of haste for 120 gold pieces
 78859 | D:10     | Bought a potion of haste for 120 gold pieces
 79017 | Depths:1 | Bought a potion of haste for 120 gold pieces
 79017 | Depths:1 | Bought a potion of haste for 120 gold pieces
 79419 | Slime:1  | Entered Level 1 of the Pits of Slime
 80545 | Slime:3  | Gained mutation: You are occasionally teleported next to
                  | monsters. [a shining eye]
 81436 | Slime:3  | Gained mutation: Scrolls take you a little longer to read.
                  | [a shining eye]
 82757 | Vaults:5 | Entered Level 5 of the Vaults
 82758 | Vaults:5 | Reached skill level 15 in Air Magic
 83137 | Vaults:5 | Reached XP level 24. HP: 18/140 MP: 55/56
 83140 | Vaults:5 | Shot with a bolt by a vault warden

Illustrated notes

Levels and vault maps discovered:
D:1:      lightli_arrival_statue_moat, layout_loops_ring
D:2:      layout_rooms, amethyst_overflow_temple_binary, first_ration,
          serial_park_tiny_2, grunt_ministairs_1
D:3:      layout_rooms, ashenzari_altar_1
D:4:      layout_gridville, minmay_temple_entry_statues_fountains, uniq_menkaure
D:5:      layout_cave_pools, nicolae_qazlal_eye_of_the_storm,
          grunt_ministairs_12, fountainhead
D:6:      layout_cave_pools, overflow_temple_1_default, elyvilon_altar_5,
          uniq_duvessa
D:7:      layout_basic, basic_altar, nicolae_ru_the_path_less_chosen,
          uniq_crazy_yiuf_cottage, uniq_maggie
D:8:      layout_basic, grunt_ogre_cave, uniq_erica, uniq_harold
D:9:      layout_layer_cave, xom_butterflies, david_lair_shrubbed
D:10:     layout_roguey, serial_shops, shop, nicolae_elemental_shop
D:11:     cheibrodos_elevator_heist, layout_cave_pools, orc_0_dummy
D:12:     layout_stronghold
D:13:     layout_roguey, uniq_nessos
D:14:     layout_rooms, grunt_vaults_entry_tiered,
          grunt_dithmenos_smoke_and_mirrors, minmay_misc_feat_hallway
D:15:     grunt_enter_depths_snipers, layout_irregular_city
Temple:   minmay_temple_bridge_d
Lair:1:   layout_cave_pods, basic_altar, serial_bayou_shore_a
Lair:2:   lemuel_slime, layout_regular_city, basic_altar, grunt_megastairs_3,
          minmay_lair_oklob_chamber, lemuel_fruit_fields
Lair:3:   mu_elephants_graveyard, layout_regular_city,
          minmay_swamp_entry_reptiles, infiniplex_staircase_pool_2
Lair:4:   layout_hall_layers, minmay_snake_entry_six_corridors, basic_altar,
          grunt_megastairs_1, serial_bayou_shore_b
Lair:5:   layout_layer_cave, slime_altar_1
Lair:6:   hangedman_lair_in_review, layout_regular_city,
          guppyfry_lair_end_dragon, grunt_megastairs_4
Swamp:1:  layout_falls_marsh, nicolae_swamp_dense_foliage, swamp_pool4,
          uniq_nikola
Swamp:2:  layout_basic_swamp, evilmike_swamp_ruin_house_2
Swamp:3:  layout_basic_swamp, evilmike_swamp_ruin_house_5, swamp_pool1
Swamp:4:  swamp_vile, layout_basic_swamp, uniq_mara
Snake:1:  layout_cave_shapes
Snake:2:  layout_chambers, basic_altar, serial_bayou_ford_a
Snake:3:  layout_onion_interference, serial_shops, shop, drop_trap, uniq_jorgrun
Snake:4:  snake_pit_salamanders_mu, layout_misc_corridors
Slime:1:  layout_caves
Slime:2:  layout_caves
Slime:3:  layout_caves
Slime:4:  layout_caves, basic_altar
Orc:1:    layout_caves
Orc:2:    grunt_orc_community_town_hall, layout_caves,
          grunt_orc_community_big_house_2, grunt_orc_community_big_house_2,
          grunt_orc_community_house_3, grunt_orc_community_house_3,
          grunt_orc_community_house_3, grunt_orc_community_house_1
Elf:1:    minmay_elf_arrival_circle, layout_loops_cross, serial_shops,
          nicolae_shop_crystal, orc_legates
Elf:2:    layout_loops_corners, serial_shops, shop, basic_altar,
          corexii_hall_statues_u, uniq_donald, uniq_louise
Elf:3:    minmay_elf_hall_furrowed, layout_geoelf_castle,
          portal_ice_cave_entry_ugly_swarm
Vaults:1: ontoclasm_vaults_claustrophobia, vaults_dpeg_doors,
          nicolae_vaults_stairing_the_circle, hangedman_vaults_hard_town_square,
          v_pattern_2, nicolae_vaults_little_squares_3,
          ontoclasm_vaults_gateway, v_misc_11, serial_ice_m,
          nicolae_vaults_windows_and_doors_thing, vaults_dpeg_diagonal,
          vaults_room_semicircle, layout_vaults_ring, serial_shops,
          nicolae_shop_waterfront, uniq_asterion
Vaults:2: hangedman_vaults_unwind, v_misc_1, hangedman_vaults_nails, v_misc_30,
          minmay_crypt_entry_simple_walls, nicolae_vaults_little_squares_2,
          grunt_vaults_swirl, v_misc_18, nicolae_vaults_back_hallway,
          vaults_mumra_chevron, grunt_vaults_hallway_long,
          nicolae_vaults_statue_guard, layout_vaults_omnigrid
Vaults:3: ontoclasm_vaults_shout, nicolae_vaults_hallways_thing,
          hangedman_vaults_restitches, vaults_room_mumra_shop_pool, v_misc_8,
          vaults_room_pool, vaults_mumra_hex, vaults_room_fours,
          layout_vaults_chaotic_city, infiniplex_enter_wizlab_glasses,
          serial_shops, nicolae_shop_stone
Vaults:4: serial_ice_g, minmay_guarded_unrand_guard_vaults,
          nicolae_vaults_circle_grid_b, vaults_dpeg_cross,
          nicolae_vaults_asterisk, hangedman_vaults_cutoff,
          nicolae_vaults_shelves_hall, vaults_room_semicircle, v_misc_12,
          serial_ice_b, ontoclasm_vaults_idyll, vaults_room_pool,
          layout_vaults_maze_snakey, uniq_jory
Vaults:5
Depths:1: layout_gridlike, gammafunk_ghost_split, serial_shops, shop,
          shop_statue, nicolae_shop_waterfront, shop, shop,
          grunt_hell_entry_dis_grunt, minmay_misc_feat_enclosed, minivault_22,
          kennysheep_generic_room_15, firewood_loft, uniq_saint_roka
Depths:2: evilmike_inaccessible_box, layout_cave_shapes, serial_shops,
          bzr_in_the_mist, nicolae_trove_entry_crossroad,
          grunt_hell_entry_demonic_statue, minmay_misc_feat_rugged,
          lightli_corner_chamber
Depths:3: box_level_dp, pan_entry, hell_entry

Skill      XL: |  1  2  3  4  5  6  7  8  9 10 11 12 13 14 15 16 17 18 19 20 21 22 23 |
---------------+----------------------------------------------------------------------+-----
Spellcasting   | 4 5 6 7 8 9 11 13 15 17 18 19 20 21 22 24 25 26 27 | 27.0
Conjurations   | 5 6 7 8 9 10 12 13 15 16 17 18 19 20 21 22 23 | 23.6
Hexes          | 1 3 5 6 8 9 10 | 10.9
Translocations | 1 3 4 5 6 |  6.0
Fire Magic     | 1 5 7 8 9 10 12 13 14 15 16 17 | 17.4
Charms         | 3 6 9 |  9.0
Air Magic      | 2 4 6 7 9 10 11 12 13 14 15 | 15.2
Shields        | 3 4 |  4.0
Fighting       | 2 6 9 11 | 11.6
Armour         | 2 5 7 |  7.2
Dodging        | 4 |  4.7
Stealth        | |  2.4

Action                   |  1- 3 |  4- 6 |  7- 9 | 10-12 | 13-15 | 16-18 | 19-21 | 22-24 || total
-------------------------+-------+-------+-------+-------+-------+-------+-------+-------++-------
Melee: Staff             |       |       |       |     6 |    45 |    33 |     7 |    13 ||   104
       Short sword       |       |       |       |       |       |       |     2 |    30 ||    32
 Cast: Magic Dart        |    65 |   103 |   180 |   169 |   347 |    34 |    73 |    67 ||  1038
       Searing Ray       |     3 |    12 |    42 |    90 |   102 |    37 |    15 |     2 ||   303
       Fulminant Prism   |       |       |    12 |    90 |   135 |    70 |    27 |     3 ||   337
       Iskenderun's Myst |       |       |     3 |    47 |    75 |   173 |   171 |    47 ||   516
       Sticky Flame      |       |       |       |       |    63 |    43 |     8 |    20 ||   134
       Blink             |       |       |       |       |     7 |     2 |       |       ||     9
       Conjure Flame     |       |       |       |       |    23 |    22 |    27 |     4 ||    76
       Fireball          |       |       |       |       |   114 |   187 |    87 |    20 ||   408
       Lightning Bolt    |       |       |       |       |    89 |   342 |   366 |   110 ||   907
       Swiftness         |       |       |       |       |    26 |    33 |    42 |     8 ||   109
       Orb of Destructio |       |       |       |       |     6 |    27 |    30 |    74 ||   137
       Chain Lightning   |       |       |       |       |       |    14 |    85 |   100 ||   199
       Ignition          |       |       |       |       |       |       |    66 |    49 ||   115
Evoke: Wand              |       |       |       |       |     1 |       |     3 |     1 ||     5
  Use: Scroll            |       |       |    13 |     7 |    17 |     2 |    13 |     2 ||    54
       Potion            |       |       |       |       |     1 |     4 |     4 |     4 ||    13
  Eat: Chunk             |     1 |     4 |    12 |    23 |    44 |    34 |    27 |    21 ||   166
       Ration            |       |       |       |       |     1 |     8 |    10 |     5 ||    24
Armor: Robe              |     1 |     5 |     4 |       |       |       |       |       ||    10
       Leather armour    |       |       |     3 |    25 |    65 |    49 |    49 |    58 ||   249
       Swamp dragon scal |       |       |       |       |     4 |       |       |       ||     4
Dodge: Dodged            |     9 |    13 |    26 |    32 |   128 |    71 |    96 |    56 ||   431
Block: Buckler           |       |       |       |       |    13 |    62 |    47 |    37 ||   159
